 Dungeon Crawl Stone Soup version 0.30-a0-920-g7493c07aab (webtiles) character file.

Game seed: 2020205447568439832

332 cforsyth the Shield-Bearer (level 6, 0/49 HPs)
             Began as a Human Fighter on Mar 21, 2023.
             Succumbed to a kobold brigand's curare-tipped dart
             ... on level 3 of the Dungeon.
             The game lasted 00:03:32 (2485 turns).

cforsyth the Shield-Bearer (Human Fighter)          Turns: 2485, Time: 00:03:32

Health: 0/49       AC: 10    Str: 19    XL:     6   Next: 82%
Magic:  6/6        EV:  7    Int:  8    God:
Gold:   176        SH:  5    Dex: 12    Spells: 5/5 levels left

rFire   . . .      SeeInvis .    a - +0 flail
rCold   . . .      Faith    .    c - +0 buckler
rNeg    . . .      Spirit   .    l - +0 chain mail
rPois   .          Reflect  .    h - +0 helmet
rElec   .          Rampage  .    (no cloak)
rCorr   .                        (no gloves)
Will    .....                    (no boots) Stlth
                                 (no amulet)
HPRegen 0.28/turn                (no ring)
MPRegen 0.10/turn                (no ring)

@: lethally poisoned (0 -> -28), slowed, very slow
A: no striking features
a: no special abilities


You were on level 3 of the Dungeon.
You visited 1 branch of the dungeon, and saw 3 of its levels.

You collected 176 gold pieces.

Inventory:

Hand Weapons
 a - a +0 flail (weapon)
Armour
 b - a +0 scale mail
 c - a +0 buckler (worn)
 h - a +0 helmet (worn)
 l - a +0 chain mail (worn)
Jewellery
 m - an amulet of the acrobat
Scrolls
 f - a scroll of amnesia {unknown}
 g - a scroll of brand weapon {unknown}
 j - a scroll of summoning {unknown}
 k - a scroll of poison {unknown}
Potions
 d - a potion of might
 e - 2 potions of attraction {unknown}
 i - a potion of magic {unknown}
 n - a potion of heal wounds


   Skills:
 + Level 4.3 Fighting
 + Level 3.6 Maces & Flails
 + Level 4.3 Armour
 + Level 4.4 Shields


You had 5 spell levels left.
You didn't know any spells.
Your spell library contained the following spells:

 Spells                   Type           Power      Damage    Failure   Level
 Summon Small Mammal      Summ           0%         N/A       99%         1
 Call Canine Familiar     Summ           0%         N/A       100%        3
 Portal Projectile        Hex/Tloc       0%         N/A       100%        3
 Summon Guardian Golem    Hex/Summ       0%         N/A       100%        3
 Leda's Liquefaction      Hex/Erth       0%         N/A       100%        4


Dungeon Overview and Level Annotations

Branches:
Dungeon (3/15)

Altars:


Message History

Things that are here:
a +0 dagger; a rat skeleton You miss the bat.
The bat barely misses you. The bat hits you but does no damage.
You closely miss the bat. The bat hits you but does no damage. x3
A kobold brigand comes into view.
It is wielding a +0 dagger of draining and quivering curare-tipped darts.
You closely miss the bat.
The kobold brigand shouts!
You block the bat's attack. The bat barely misses you.
The bat hits you but does no damage. The bat hits you.
The kobold brigand throws a curare-tipped dart.
The curare-tipped dart hits you.
You are poisoned.
You have difficulty breathing.
You feel yourself slow down.
You miss the bat.
You feel extremely sick. You block the bat's attack.
The bat hits you but does no damage. The bat hits you.
The bat hits you but does no damage.
A kobold comes into view. It is wielding a +0 dagger.
The kobold shouts!
You hit the bat.
You kill the bat!
You feel very sick. The bat hits you but does no damage. The bat hits you. x2
The kobold brigand throws a curare-tipped dart.
The curare-tipped dart hits you.
You are more poisoned.
You have difficulty breathing.
You feel as though you will be slow longer.
The kobold brigand throws a curare-tipped dart.
The curare-tipped dart hits you.
You are lethally poisoned!
You have difficulty breathing.
* * * LOW HITPOINT WARNING * * *
You feel as though you will be slow longer.
You are too injured to fight recklessly!
You are too injured to fight recklessly!
Unknown command.
You are too injured to fight recklessly!
You die...

##### #.).########
##.#)).......
#...<........
#.#.#####.... #.#[#
#.###.# #.#.#####.#
#.. #.#.....#.# #.#.#
#.#####@#.# #.#.#
#.#####)#.###.#.# #~
#.......รท...K.#.##~~~
#######b....K....~~~
#.#....[.<####
###.#......)...####
#...#...$..........
#...#......####....
#.......##..## #


You could see a bat.

Vanquished Creatures
  A kobold brigand (D:3)
  A hound (D:1)
  Terence (D:2)
  An orc wizard (D:3)
  2 adders (D:3)
  7 gnolls
  3 dart slugs (D:1)
  4 orcs (D:3)
  8 endoplasms
  3 giant cockroaches
  8 hobgoblins
  3 jackals (D:2)
  16 kobolds
  2 quokkas (D:2)
  5 ball pythons
  5 bats
  7 goblins
  10 rats
87 creatures vanquished.

Notes
Turn   | Place    | Note
-------+----------+-------------------------------------------
     0 | D:1      | cforsyth the Human Fighter began the quest for the Orb.
     0 | D:1      | Reached XP level 1. HP: 18/18 MP: 1/1
    94 | D:1      | Reached XP level 2. HP: 11/24 MP: 2/2
   385 | D:1      | Reached XP level 3. HP: 24/29 MP: 3/3
   895 | D:2      | Reached XP level 4. HP: 35/35 MP: 4/4
  1573 | D:1      | Reached XP level 5. HP: 18/42 MP: 5/5
  1872 | D:2      | Noticed Terence
  1882 | D:2      | Killed Terence
  1883 | D:2      | Reached XP level 6. HP: 41/48 MP: 6/6
  2485 | D:3      | Succumbed to a kobold brigand's curare-tipped dart

Illustrated notes

Levels and vault maps discovered:
D:1:      lightli_arrival_maybe_door_vault, layout_loops_ring
D:2:      layout_loops_ring, uniq_terence
D:3:      cheibrodos_thug_alley, layout_loops_ring,
          worldfamousw_hep_ancestral_shrine

Skill      XL: |  1  2  3  4  5 |
---------------+----------------+-----
Maces & Flails | 3 |  3.6
Fighting       | 4 |  4.3
Armour         | 4 |  4.3
Shields        | 4 |  4.4

Action                     |  1- 3 |  4- 6 || total
---------------------------+-------+-------++-------
  Melee: Flail             |   108 |   217 ||   325
   Stab: Distracted        |     1 |       ||     1
 Armour: Scale mail        |    46 |    66 ||   112
         Chain mail        |       |   120 ||   120
  Dodge: Dodged            |    36 |   123 ||   159
  Block: Buckler           |    19 |    80 ||    99

Table legend: (Time is in decaauts)
 A = Elapsed time spent in this place.
 B = Non-inter-level travel time spent in this place.
 C = Inter-level travel time spent in this place.
 D = Time resting spent in this place.
 E = Time spent auto-exploring this place.
 F = Levels seen in this place.
 G = Mean time per level.
                   A        B        C        D        E       F      G
               +--------+--------+--------+--------+--------+-----+--------+
         Total |   2589 |   2528 |     61 |    531 |   1254 |   3 |  863.0 |
       Dungeon |   2589 |   2528 |     61 |    531 |   1254 |   3 |  863.0 |
               +--------+--------+--------+--------+--------+-----+--------+

Top non-repeatable levels by time:
     D:1: 1438 daAuts
     D:2: 871 daAuts
     D:3: 279 daAuts
